AoeStats
← zygarde02.02.2000

Arena

504245095Analyzed
2v2 RM · 28d ago on Sep 4, 2026· 50m 46s· 4 players
Game mode
Random Map
Map size
Medium (4 player)
Population
200
Speed
Normal
Resources
Standard
Victory
Conquest
Starting age
Dark Age
Ending age
Imperial Age
RankedLock teamsTeams togetherTeam positionsShared explorationLock speedFull tech treeHidden civsTurbo modeCheats
Victory
Defeat
🇨🇳 Persians · China
968
+13
🇸🇪 Britons · Sweden
933
+15
🇮🇳 Romans · India
1005
-18
🇮🇳 Khmer · India
806
-30
Steven
9:31 Feudal Age
10:55 Wheelbarrow
10:07 Double-Bit Axe
13:06 Loom
18:35 Castle Age
17:15 Stone Mining
20:55 Bow Saw
24:08 Pikeman
25:03 Horse Collar
26:06 Scale Mail Armor
26:20 Forging
28:02 Squires
29:21 Heavy Plow
30:18 Chain Mail Armor
30:50 Iron Casting
30:40 Gambesons
30:44 Arson
32:24 Hand Cart
32:57 Bloodlines
32:50 Husbandry
35:16 Gold Mining
36:58 Gold Shaft Mining
38:37 Stone Shaft Mining
42:03 Imperial Age
44:16 Two-Man Saw
43:48 Crop Rotation
43:21 Cavalier
44:39 Scale Barding Armor
44:40 Town Watch
45:58 Blast Furnace
45:31 Plate Mail Armor
46:13 Chain Barding Armor
46:29 Plate Mail Armor
47:14 Conscription
47:43 Hoardings
47:29 Savar
49:55 Plate Barding Armor
51:06 Plate Mail Armor
mati
10:32 Feudal Age
12:15 Loom
16:21 Castle Age
14:58 Double-Bit Axe
15:21 Horse Collar
16:56 Fletching
18:35 Bodkin Arrow
21:53 Wheelbarrow
21:29 Crossbowman
28:46 Gold Mining
33:54 Imperial Age
31:44 Hand Cart
32:43 Gold Shaft Mining
34:04 Town Watch
34:47 Ballistics
34:55 Padded Archer Armor
34:56 Bracer
36:07 Chemistry
35:07 Stone Mining
35:58 Town Patrol
38:32 Elite Longbowman
39:34 Yeomen
41:18 Leather Archer Armor
41:04 Scale Mail Armor
41:14 Forging
42:24 Bow Saw
44:29 Pikeman
45:10 Squires
44:55 Arson
46:15 Ring Archer Armor
46:01 Chain Mail Armor
46:22 Iron Casting
45:14 Halberdier
48:23 Plate Mail Armor
51:26 Blast Furnace
arpeetmakasare123
4:33 Loom
11:14 Feudal Age
12:29 Double-Bit Axe
15:55 Castle Age
14:45 Horse Collar
17:22 Town Watch
20:43 Wheelbarrow
20:25 Bow Saw
22:40 Hand Cart
26:10 Heavy Plow
28:19 Gold Mining
28:21 Stone Mining
28:38 Scale Mail Armor
28:48 Forging
28:01 Man-at-Arms
28:42 Squires
30:00 Gold Shaft Mining
36:25 Imperial Age
34:33 Chain Mail Armor
34:54 Iron Casting
36:31 Capped Ram
37:38 Pikeman
37:40 Long Swordsman
37:49 Siege Ram
39:54 Blast Furnace
38:17 Halberdier
39:09 Siege Ram
41:30 Crop Rotation
41:16 Fletching
41:26 Padded Archer Armor
40:55 Legionary
42:42 Bodkin Arrow
43:03 Leather Archer Armor
46:17 Sappers
47:10 Conscription
zygarde02.02.2000
2:41 Loom
11:13 Feudal Age
12:29 Double-Bit Axe
12:30 Horse Collar
14:33 Town Watch
16:50 Wheelbarrow
17:14 Bloodlines
18:54 Fletching
19:16 Forging
23:25 Castle Age
23:14 Gold Mining
23:16 Stone Mining
24:34 Hand Cart
24:25 Town Patrol
25:04 Scale Barding Armor
25:53 Iron Casting
27:18 Heavy Plow
27:23 Husbandry
29:30 Pikeman
31:39 Gold Shaft Mining
31:31 Bow Saw
36:56 Bodkin Arrow
37:22 Chain Barding Armor
37:04 Padded Archer Armor
41:02 Imperial Age
41:15 Stone Shaft Mining
44:14 Bracer
44:50 Plate Barding Armor
45:16 Blast Furnace
43:42 Heavy Scorpion
43:44 Capped Ram
43:50 Cavalier
43:54 Halberdier
44:20 Arson
45:43 Chemistry
45:04 Ballistics
44:49 Murder Holes
45:36 Siege Engineers
46:39 Conscription
46:46 Double Crossbow
48:42 Siege Ram
Connection lost

Rejoining the realm…

Still unreachable

The connection could not be restored.

Session expired

The server has moved on; the page needs a fresh start.